 Dungeon Crawl Stone Soup version 0.31-a0-848-gaac375c287 (webtiles) character file.

Game seed: 7426603754397030062

31115 CowFu the Brawler (level 13, -2/94 HPs)
             Began as a Grey Draconian Shapeshifter on Oct 5, 2023.
             Was a High Priest of Hepliaklqana.
             Splashed by a goliath frog's acid (8 damage)
             ... on level 3 of the Lair of Beasts.
             The game lasted 00:20:36 (11628 turns).

CowFu the Brawler (Grey Draconian Shapeshifter)    Turns: 11628, Time: 00:20:36

Health: -2/94      AC: 14    Str: 21    XL:     13   Next: 24%
Magic:  13/13      EV: 14    Int: 10    God:    Hepliaklqana [*****.]
Gold:   1666       SH:  5    Dex: 12    Spells: 12/12 levels left

rFire   . .          .
                       - Unarmed
rCold   . . .        F - melded +3 kite shield {reflect}
rNeg    . . .        (body armour unavailable)
rPois   .            (helmet restricted)
rElec   .            (no cloak)
rCorr   .            (gloves currently unavailable)
SInv    .            O - +0 pair of boots
Will    .....        J - amulet of reflection
Stlth   ++           j - +4 ring of slaying
HPRegen 0.35/turn    k - +4 ring of protection
MPRegen 0.13/turn

%: reflection
@: blade hands, corroded
A: reduced essence, AC +13, amphibious, unfitting armour, cold-blooded
a: Begin Untransformation, Renounce Religion, Recall Ancestor, Ancestor
Identity, Transference, Idealise


You were on level 3 of the Lair of Beasts.
You worshipped Hepliaklqana.
Hepliaklqana was extremely pleased with you.
You had blades for hands.
You visited 3 branches of the dungeon, and saw 16 of its levels.
You also visited: Ossuary.

You collected 1689 gold pieces.
You spent 23 gold pieces at shops.

Inventory:

Armour
 F - a +3 kite shield of reflection (melded)
 O - a +0 pair of boots (worn)
 Q - a +0 pair of gloves
Jewellery
 f - an amulet of faith
 i - the ring of Music {Ice SInv}
   (You found it on level 12 of the Dungeon)

   [ring of ice]

   Ice:       It enhances your ice magic.
   rF-:       It makes you vulnerable to fire.
   rC+:       It protects you from cold.
   SInv:      It lets you see invisible.
 j - a +4 ring of slaying (left blade hand)
 k - a +4 ring of protection (right blade hand)
 u - a ring of resist corrosion
 y - a +6 ring of intelligence
 J - an amulet of reflection (around neck)
 P - a ring of protection from fire
Talismans
 b - a beast talisman
 c - a flux talisman
 r - a blade talisman (active)
Wands
 t - a wand of flame (73)
 K - a wand of roots (8)
 L - a wand of digging (3)
 N - a wand of paralysis (7)
Scrolls
 h - 2 scrolls of amnesia
 m - 4 scrolls of summoning
 o - 2 scrolls of poison
 p - 2 scrolls of silence
 s - 6 scrolls of teleportation
 w - 2 scrolls of immolation
 B - a scroll of identify
 G - a scroll of torment
 R - a scroll of revelation
 S - a scroll of fog
Potions
 a - 4 potions of lignification
 d - a potion of ambrosia
 e - 8 potions of curing
 l - 4 potions of enlightenment
 n - 3 potions of mutation
 q - 6 potions of brilliance
 v - a potion of resistance
 x - 2 potions of heal wounds
 z - 2 potions of invisibility
 A - 4 potions of attraction
 C - 3 potions of might
 E - 4 potions of berserk rage
 I - a potion of cancellation
Miscellaneous
 M - a phantom mirror


   Skills:
 + Level 7.0 Fighting
 + Level 6.7 Dodging
 + Level 3.0 Stealth
 - Level 6.8 Shields
 + Level 16.2 Unarmed Combat
 + Level 10.4 Shapeshifting


You had 12 spell levels left.
You didn't know any spells.
Your spell library contained the following spells:

 Spells                   Type           Power      Damage    Failure   Level
 Shock                    Conj/Air       0%         1d3       36%         1
 Call Canine Familiar     Summ           0%         N/A       75%         3
 Dazzling Flash           Conj/Hex       0%         N/A       75%         3
 Gell's Gravitas          Tloc           0%         N/A       75%         3
 Sigil of Binding         Hex            0%         N/A       75%         3
 Swiftness                Air            0%         N/A       75%         3
 Teleport Other           Tloc           0%         N/A       75%         3
 Volatile Blastmotes      Fire/Tloc      0%         2d10      75%         3
 Airstrike                Air            0%         2d(0-16)  98%         4
 Dimensional Bullseye     Hex/Tloc       0%         N/A       98%         4
 Leda's Liquefaction      Hex/Erth       0%         N/A       98%         4
 Dispersal                Tloc           0%         N/A       100%        6
 Starburst                Conj/Fire      0%         6d3       100%        6
 Maxwell's Capacitive Co  Air            0%         ∞         100%        8


Dungeon Overview and Level Annotations

Branches:
Dungeon (12/15)            Temple (1/1) D:4            Lair (3/5) D:9
 Spider (0/4) Lair:2          Orc (0/2) D:11        Ossuary (visited)
  Swamp: Lair:2-3    Shoals: Lair:2-3

Altars:
Ashenzari
Cheibriados
Dithmenos
Elyvilon
Fedhas
Gozag
Hepliaklqana
Kikubaaqudgha
Makhleb
Nemelex Xobeh
Okawaru
Qazlal
Ru
Sif Muna
Trog
Uskayaw
Vehumet
Wu Jian
Xom
Yredelemnul
Zin
The Shining One

Shops:
D:12 *

Annotations:
D:3 2 transporters, Danienth's ghost, amateur KoEn
D:9 1 transporter


Innate Abilities, Weirdness & Mutations

You have blades for hands.
You are incapable of wielding weapons or throwing items.
Your life essence is reduced to manifest your ancestor. (-10% HP)
Your dull iron-grey scales are very hard. (AC +13)
You are amphibious.
You cannot fit into any form of body armour.
You are cold-blooded and may be slowed by cold attacks.


Message History

Namzu gestures at the tyrant leech while chanting.
The tyrant leech resists with some effort.
The goliath frog misses you.
The swamp drake bites you but does no damage.
You slice the swamp drake!!
You kill the swamp drake!
You feel sick.
You are no longer poisoned.
Something bites Namzu!
You swap places.
The goliath frog hits you but does no damage.
The tyrant leech bites you!
The tyrant leech draws strength from your injuries!
Namzu closely misses the goliath frog.
The goliath frog hits you.
You are splashed with acid!
Something hits Namzu!
Namzu is splashed with acid.
The acid corrodes Namzu!
The tyrant leech bites Namzu!!
Namzu is destroyed!
You miss the goliath frog. The goliath frog barely misses you.
You slash the goliath frog! You tail-slap the goliath frog!
The goliath frog is heavily wounded.
The goliath frog hits you but does no damage.
The goliath frog hits you!!
* * * LOW HITPOINT WARNING * * *
The acid corrodes you!
You are splashed with acid.
* * * LOW HITPOINT WARNING * * *
You feel much better.
The tyrant leech bites you but does no damage.
The goliath frog hits you!
* * * LOW HITPOINT WARNING * * *
You are splashed with acid!
* * * LOW HITPOINT WARNING * * *
The goliath frog completely misses you.
As you read the scroll of fear, it crumbles to dust.
You assume a fearsome visage.
The goliath frog looks frightened!
The goliath frog resists with some effort.
The tyrant leech easily resists.
The goliath frog hits you!
* * * LOW HITPOINT WARNING * * *
The acid corrodes you!
You are splashed with acid!
You die...

#≈≈#≈≈~.~≈≈≈##≈
≈≈≈≈≈≈≈≈≈≈≈..≈≈≈≈~
≈≈#≈#≈≈#≈≈~~~~≈≈≈#
..~~≈.≈[.~~..#..~~
.~...≈P....~≈~~~~≈
≈≈~#≈..#P~≈≈...~≈~#
##≈≈≈≈~#≈FF≈P.#~≈≈.
≈≈≈≈≈≈≈F≈#@P.≈.#≈≈
≈≈≈#≈≈≈#w~.~~≈≈≈≈
#≈≈≈≈≈#≈≈≈~.≈.##≈
#≈≈#≈#≈≈≈≈≈P~.~≈#
≈≈≈≈≈≈≈≈≈≈≈#≈#≈≈####
............†.......
...........†........
. ........!..>.PP#.#
.............#### .


You could see a tyrant leech and 2 goliath frogs.

Vanquished Creatures
  Josephine (D:10)
  A hydra (Lair:2)
  A boulder beetle (D:11)
  A centaur warrior (D:11)
  A catoblepas (Lair:1)
  5 death yaks (Lair:2)
  2 skysharks
  A goliath frog (Lair:3)
  An ugly thing (D:12)
  2 cyclopes
  4 black mambas
  5 cane toads
  2 komodo dragons
  A kobold demonologist (D:11)
  2 trolls
  2 shadows
  A slime creature (D:12)
  2 vampires (D:10)
  4 wyverns
  A basilisk (D:11)
  5 wraiths
  26 yaks
  A steam dragon (D:7)
  2 vampire mosquitoes (Lair:3)
  2 swamp worms (Lair:3)
  2 wargs (D:11)
  An acid dragon (D:10)
  4 water moccasins
  3 black bears
  2 orc warriors
  A swamp drake (Lair:3)
  An ice beast (D:6)
  3 sky beasts
  3 ogres
  8 centaurs
  2 wolves (Lair:1)
  Blork the orc (D:4)
  3 kobold brigands
  12 scorpions
  8 bullfrogs
  A gnoll sergeant (D:7)
  20 wights
  3 killer bees (D:9)
  11 howler monkeys
  2 hounds
  A jelly (D:8)
  A sleepcap (D:6)
  4 iguanas
  7 orc wizards
  8 mummies (Ossuary)
  10 gnolls
  6 adders
  3 ufetubi
  2 worms
  5 dart slugs
  19 orcs
  8 ball pythons
  4 endoplasms
  3 giant cockroaches
  8 goblins
  4 hobgoblins
  4 jackals (D:3)
  14 kobolds
  5 quokkas
  8 bats
  2 frilled lizards
  3 gnoll zombies (Ossuary)
  2 hobgoblin zombies (Ossuary)
  3 kobold zombies (Ossuary)
  2 rats
303 creatures vanquished.

Vanquished Creatures (collateral kills)
  A boulder beetle (D:12)
  A death yak (Lair:2)
  A skyshark (Lair:2)
  A cyclops (D:11)
  2 gargoyles
  2 cane toads (Lair:1)
  Grinder (D:5)
  2 slime creatures (D:12)
  5 yaks
  A basilisk (D:11)
  2 wargs (D:11)
  2 wolves (Lair:1)
  2 centaurs
  2 scorpions
  A wight (D:7)
  3 killer bees (D:9)
  An orc wizard (D:8)
  A gnoll (D:7)
  2 orcs
  A giant cockroach (Lair:2)
34 creatures vanquished.

Vanquished Creatures (others)
  7 hexers
7 creatures vanquished.

Grand Total: 344 creatures vanquished

Notes
Turn   | Place    | Note
-------+----------+-------------------------------------------
     0 | D:1      | CowFu the Draconian Shapeshifter began the quest for the
                  | Orb.
     0 | D:1      | Reached XP level 1. HP: 16/16 MP: 1/1
   227 | D:1      | Reached XP level 2. HP: 19/21 MP: 2/2
   856 | D:2      | Reached XP level 3. HP: 21/28 MP: 3/3
   952 | D:2      | Reached XP level 4. HP: 4/35 MP: 4/4
   989 | D:2      | Reached skill level 4 in Unarmed Combat
  1474 | D:3      | Found an iron altar of Okawaru.
  1579 | D:3      | Found a faded altar of an unknown god.
  1617 | D:3      | Found a transporter.
  1619 | D:3      | Noticed Danienth's ghost (amateur KoEn)
  1653 | D:3      | Found a transporter.
  1680 | D:3      | Reached XP level 5. HP: 15/40 MP: 5/5
  2107 | D:4      | Noticed a black bear
  2132 | D:4      | Killed a black bear
  2133 | D:4      | Reached skill level 5 in Unarmed Combat
  2200 | D:4      | Reached skill level 5 in Shapeshifting
  2200 | D:4      | Reached XP level 6. HP: 41/47 MP: 6/6
  2222 | D:4      | Noticed a sky beast
  2244 | D:4      | Killed a sky beast
  2350 | D:4      | Your scales start taking on a dull iron-grey colour.
  2350 | D:4      | Reached XP level 7. HP: 50/52 MP: 7/7
  2385 | D:4      | Noticed Blork the orc
  2396 | D:4      | Killed Blork the orc
  2397 | D:4      | Reached skill level 6 in Unarmed Combat
  2397 | D:4      | Found a staircase to the Ecumenical Temple.
  2405 | Temple   | Entered the Ecumenical Temple
  2447 | Temple   | Became a worshipper of Hepliaklqana the Forgotten
  2561 | D:4      | Found a radiant altar of Vehumet.
  2676 | D:4      | Found a glowing golden altar of the Shining One.
  2676 | D:4      | Found a burning altar of Makhleb.
  2763 | D:4      | Reached skill level 7 in Unarmed Combat
  2774 | D:4      | Reached XP level 8. HP: 27/59 MP: 8/8
  3375 | D:5      | Entered Level 5 of the Dungeon
  3520 | D:5      | Reached * piety under Hepliaklqana
  3605 | D:5      | Noticed Grinder
  3612 | D:5      | Killed Grinder
  3613 | D:5      | Reached skill level 8 in Unarmed Combat
  3716 | D:5      | Found a sand-covered staircase.
  3720 | Ossuary  | Entered an ossuary
  3742 | Ossuary  | Reached skill level 9 in Unarmed Combat
  4229 | D:6      | Reached XP level 9. HP: 56/57 MP: 9/9
  4234 | D:6      | Reached skill level 10 in Unarmed Combat
  4353 | D:6      | Reached ** piety under Hepliaklqana
  4354 | D:6      | Remembered your ancestor Namzu as a hexer
  4560 | D:6      | Reached skill level 11 in Unarmed Combat
  4592 | D:6      | Found an ornate altar of the Wu Jian Council.
  4772 | D:7      | Found a shimmering blue altar of Sif Muna.
  5171 | D:7      | Reached skill level 12 in Unarmed Combat
  5186 | D:7      | Reached skill level 1 in Shields
  5310 | D:7      | Found a blossoming altar of Fedhas.
  5510 | D:8      | Identified the +6 rapier of the Howling Fulmar {holy, rF++
                  | rC+ Stlth-}
  5823 | D:8      | Reached XP level 10. HP: 61/69 MP: 10/10
  6340 | D:9      | Reached *** piety under Hepliaklqana
  6439 | D:9      | Reached skill level 5 in Fighting
  6697 | D:9      | Found a transporter.
  7000 | D:9      | Reached skill level 5 in Dodging
  7137 | D:9      | Found a staircase to the Lair.
  7157 | D:10     | Entered Level 10 of the Dungeon
  7219 | D:10     | Reached skill level 5 in Shields
  7219 | D:10     | Reached skill level 13 in Unarmed Combat
  7219 | D:10     | Reached XP level 11. HP: 80/80 MP: 11/11
  7739 | D:10     | Noticed Josephine
  7754 | D:10     | Killed Josephine
  8133 | D:11     | Noticed a boulder beetle
  8157 | D:11     | Killed a boulder beetle
  8179 | D:11     | Found a staircase to the Orcish Mines.
  8362 | D:11     | Reached skill level 14 in Unarmed Combat
  8365 | D:11     | You fall into a shaft and drop 1 floor!
  8395 | D:12     | Noticed a boulder beetle
  8408 | D:12     | Killed a boulder beetle
  8434 | D:12     | Noticed a brown ugly thing
  8444 | D:12     | Killed a brown ugly thing
  8445 | D:12     | Reached skill level 15 in Unarmed Combat
  8617 | D:12     | Found Reephi's Assorted Antiques.
  8625 | D:12     | Bought a golden potion for 23 gold pieces
  8702 | D:12     | Reached **** piety under Hepliaklqana
  8768 | D:12     | Identified the ring of Music {Ice SInv}
  9134 | D:11     | Noticed a centaur warrior
  9144 | D:11     | Killed a centaur warrior
  9145 | D:11     | Reached XP level 12. HP: 37/86 MP: 12/12
  9819 | Lair:1   | Entered Level 1 of the Lair of Beasts
  9867 | Lair:1   | Reached skill level 16 in Unarmed Combat
  9915 | Lair:1   | Noticed a catoblepas
  9943 | Lair:1   | Killed a catoblepas
 10007 | Lair:1   | Reached ***** piety under Hepliaklqana
 10192 | Lair:1   | Identified the +6 flail of Destiny {flame, rC+ rN++}
 10231 | Lair:1   | You fall into a shaft and drop 1 floor!
 10266 | Lair:2   | Noticed a four-headed hydra
 10275 | Lair:2   | Killed a four-headed hydra
 10276 | Lair:2   | Reached skill level 10 in Shapeshifting
 10347 | Lair:2   | Reached skill level 1 in Stealth
 10374 | Lair:2   | Found a hole to the Spider Nest.
 10484 | Lair:2   | Noticed a death yak
 10486 | Lair:2   | Noticed a death yak
 10487 | Lair:2   | Noticed a death yak
 10487 | Lair:2   | Noticed a death yak
 10487 | Lair:2   | Noticed a death yak
 10488 | Lair:2   | Noticed a death yak
 10526 | Lair:2   | Killed a death yak
 10555 | Lair:2   | Killed a death yak
 10558 | Lair:2   | Killed a death yak
 10559 | Lair:2   | Killed a death yak
 10560 | Lair:2   | Reached XP level 13. HP: 80/92 MP: 11/13
 11225 | Lair:1   | Identified a scroll of acquirement
 11225 | Lair:1   | Acquired 622 gold pieces
 11628 | Lair:3   | Splashed by a goliath frog's acid

Illustrated notes

Levels and vault maps discovered:
D:1:      minmay_arrival_hallway, layout_basic, serial_forest,
          infiniplex_forest_split, infiniplex_forest_end_2,
          infiniplex_forest_straight_5, infiniplex_forest_zigzag_1,
          infiniplex_forest_clump_medium, minmay_misc_feat_cross
D:2:      layout_rooms, nicolae_twisty_statue_hallways
D:3:      layout_rooms, mainiacjoe_overflow_tiny_flanked,
          gammafunk_ghost_stat_death, shapermc_ecumenical_altar_notcrosses
D:4:      layout_basic, amethyst_overflow_temple_binary, amcnicky_altar_gilded,
          minmay_temple_entry_trees, uniq_blork_the_orc
D:5:      layout_basic, enter_ossuary_5, chequers_serial_rivers_large_b,
          reono_crystal_passage, nrook_mini_vaults, uniq_grinder
D:6:      layout_cave_pools, nicolae_wu_jian_immortal_techniques,
          grunt_decor_resistance, kennysheep_generic_room_6
D:7:      layout_cave_pools, fedhas_altar_4, overflow_temple_1_default,
          minmay_crystal_room
D:8:      layout_loops_ring, dk_noncrumbling_3, grunt_decor_junction
D:9:      layout_loops_ring, grunt_lair_entry_orc_guard_hut, nicolae_diode_basic
D:10:     layout_basic, uniq_josephine
D:11:     nicolae_cairo_tiling_large_dashed, layout_irregular_city,
          minmay_orc_entry_guard_dogs
D:12:     layout_big_octagon, serial_shops, kennysheep_mini_moat
Temple:   regret_index_temple_generic_petals
Lair:1:   layout_loops_ring, infiniplex_staircase_pool
Lair:2:   layout_chaotic_city, nicolae_spider_entry_non_spiders
Lair:3:   onia_ninara_swampy_vault, layout_chaotic_city,
          nicolae_swamp_entry_splash_gauntlet, hibernation_bobbens

Skill      XL: |  1  2  3  4  5  6  7  8  9 10 11 12 13 |
---------------+----------------------------------------+-----
Dodging        | 2 3 5 6 |  6.7
Unarmed Combat | 4 5 7 9 12 13 15 16 | 16.2
Shapeshifting  | 4 5 6 7 10 | 10.4
Fighting       | 3 5 6 7 |  7.0
Shields        | 2 5 6 |  6.8
Stealth        | 2 3 |  3.0

Action                     |  1- 3 |  4- 6 |  7- 9 | 10-12 | 13-15 || total
---------------------------+-------+-------+-------+-------+-------++-------
  Melee: Unarmed           |    82 |    95 |   251 |   415 |    43 ||   886
         Punch             |     2 |     2 |     7 |       |       ||    11
         Tailslap          |     6 |     8 |    37 |    90 |     8 ||   149
 Invoke: Ancestor Life: He |       |       |     1 |       |       ||     1
         Recall Ancestor   |       |       |       |     3 |       ||     3
  Evoke: Phantom mirror    |       |       |       |     1 |       ||     1
    Use: Potion            |       |       |     1 |     1 |     1 ||     3
         Scroll            |       |       |    12 |    12 |     3 ||    27
   Stab: Sleeping          |       |     1 |       |       |       ||     1
         Confused          |       |       |     3 |     7 |       ||    10
         Distracted        |       |       |     2 |     6 |     2 ||    10
         Petrified         |       |       |       |     3 |       ||     3
 Armour: Skin              |    79 |    58 |   113 |   188 |    27 ||   465
  Dodge: Dodged            |    58 |    57 |   130 |   123 |    22 ||   390
  Block: Kite shield       |       |       |    33 |   250 |    35 ||   318
         Reflection        |       |       |       |    25 |       ||    25
         Other             |       |       |       |       |     1 ||     1
   Form: Blade             |       |       |       |       |     1 ||     1

Table legend: (Time is in decaauts)
 A = Elapsed time spent in this place.
 B = Non-inter-level travel time spent in this place.
 C = Inter-level travel time spent in this place.
 D = Time resting spent in this place.
 E = Time spent auto-exploring this place.
 F = Levels seen in this place.
 G = Mean time per level.
                   A        B        C        D        E       F      G
               +--------+--------+--------+--------+--------+-----+--------+
         Total |  11540 |  11054 |    486 |      0 |   8687 |  17 |  678.8 |
       Dungeon |   9422 |   9114 |    308 |      0 |   7193 |  12 |  785.2 |
        Temple |     84 |      2 |     82 |      0 |      0 |   1 |   84.0 |
          Lair |   1778 |   1683 |     95 |      0 |   1318 |   3 |  592.7 |
       Ossuary |    255 |    255 |      0 |      0 |    176 |   1 |  255.0 |
               +--------+--------+--------+--------+--------+-----+--------+

Top non-repeatable levels by time:
     D:4: 1281 daAuts
     D:9: 1033 daAuts
    D:10: 1029 daAuts
    D:11: 874 daAuts
  Lair:1: 853 daAuts
     D:1: 793 daAuts
  Lair:2: 746 daAuts
    D:12: 722 daAuts
     D:8: 718 daAuts
     D:2: 646 daAuts
     D:7: 643 daAuts
     D:6: 583 daAuts
     D:3: 553 daAuts
     D:5: 542 daAuts
 Ossuary: 255 daAuts
